AoeStats
← bnb92110

Arena

505021521Analyzed
3v3 RM · 24d ago on Sep 7, 2026· 55m 5s· 6 players
Game mode
Random Map
Map size
Normal (6 player)
Population
200
Speed
Normal
Resources
Standard
Victory
Conquest
Starting age
Dark Age
Ending age
Imperial Age
RankedLock teamsTeams togetherTeam positionsShared explorationLock speedFull tech treeHidden civsTurbo modeCheats
Victory
Defeat
🇹🇼 Tupi · Taiwan
837
+31
🇹🇼 Teutons · Taiwan
831
+18
🇹🇼 Poles · Taiwan
825
+41
🇲🇾 Gurjaras · Malaysia
949
-20
🇨🇷 Lithuanians · Costa Rica
886
-19
🇸🇪 Bohemians · Sweden
822
-16
mandalvarado
5:30 Loom
11:24 Feudal Age
17:31 Castle Age
15:38 Double-Bit Axe
16:07 Horse Collar
16:23 Gold Mining
18:18 Forging
21:01 Elite Skirmisher
33:57 Fletching
39:06 Imperial Age
36:57 Bow Saw
37:12 Ballistics
37:15 Bloodlines
38:20 Wheelbarrow
38:03 Light Cavalry
38:45 Husbandry
40:04 Hand Cart
39:54 Caravan
41:24 Chemistry
39:48 Elite Leitis
41:09 Heavy Plow
42:21 Bodkin Arrow
43:01 Iron Casting
42:36 Scale Barding Armor
42:33 Padded Archer Armor
43:28 Winged Hussar
45:11 Tower Shields
47:03 Two-Man Saw
47:11 Bracer
47:33 Chain Barding Armor
47:28 Leather Archer Armor
47:26 Pikeman
48:07 Squires
47:52 Arson
50:50 Halberdier
HinkeN
11:15 Feudal Age
16:50 Castle Age
16:01 Wheelbarrow
15:49 Man-at-Arms
16:16 Arson
16:24 Horse Collar
17:02 Double-Bit Axe
21:26 Long Swordsman
22:36 Squires
35:20 Heavy Plow
40:20 Wagenburg Tactics
39:41 Pikeman
43:28 Hand Cart
43:43 Bow Saw
47:59 Imperial Age
47:12 Ballistics
47:03 Fortified Wall
50:02 Chemistry
49:02 Murder Holes
49:39 Conscription
49:15 Halberdier
54:25 Forging
54:17 Scale Mail Armor
mikesandwash
7:25 Loom
10:05 Feudal Age
12:56 Fletching
16:12 Castle Age
14:45 Man-at-Arms
21:59 Double-Bit Axe
24:45 Forging
29:49 Wheelbarrow
29:48 Padded Archer Armor
32:29 Town Watch
33:35 Horse Collar
37:56 Imperial Age
36:56 Heavy Plow
臭老豬223
5:10 Loom
11:06 Feudal Age
12:15 Town Watch
12:54 Fletching
13:05 Scale Mail Armor
13:08 Double-Bit Axe
15:33 Horse Collar
18:55 Forging
24:05 Castle Age
22:33 Arson
22:13 Man-at-Arms
25:50 Iron Casting
25:30 Chain Mail Armor
26:12 Bow Saw
27:39 Pikeman
28:24 Squires
28:10 Gambesons
29:16 Stone Mining
29:37 Heavy Plow
32:28 Man-at-Arms
33:29 Long Swordsman
34:58 Wheelbarrow
36:18 Hand Cart
37:21 Town Patrol
37:27 Town Patrol
40:13 Caravan
45:01 Imperial Age
43:36 Scale Barding Armor
44:41 Gold Mining
45:27 Stone Shaft Mining
46:20 Crop Rotation
45:18 Two-Handed Swordsman
45:19 Halberdier
47:07 Blast Furnace
46:37 Plate Mail Armor
46:03 Bodkin Arrow
46:31 Chain Barding Armor
46:50 Masonry
46:51 Fortified Wall
47:00 Bloodlines
46:11 Cavalier
47:30 Champion
49:22 Paladin
51:07 Plate Barding Armor
55:30 Crenellations
55:33 Ironclad
你家失火
11:00 Feudal Age
16:03 Castle Age
14:41 Loom
20:05 Fletching
22:06 Bodkin Arrow
31:04 Double-Bit Axe
31:10 Gold Mining
38:51 Imperial Age
36:13 Horse Collar
36:43 Bow Saw
39:47 Elite Blackwood Archer
41:37 Bow Saw
43:59 Curare
44:21 Champi Runner
46:33 Champi Warrior
47:54 Wheelbarrow
48:24 Gold Shaft Mining
47:50 Heavy Plow
bnb92110
12:58 Feudal Age
16:29 Horse Collar
16:36 Double-Bit Axe
20:31 Castle Age
20:28 Wheelbarrow
29:13 Imperial Age
28:52 Husbandry
29:03 Bloodlines
28:42 Arson
28:58 Squires
29:18 Light Cavalry
29:19 Cavalier
31:13 Scale Barding Armor
31:08 Scale Mail Armor
31:19 Forging
34:12 Szlachta Privileges
38:29 Winged Hussar
39:41 Chain Barding Armor
39:37 Chain Mail Armor
39:58 Iron Casting
39:33 Elite Obuch
Connection lost

Rejoining the realm…

Still unreachable

The connection could not be restored.

Session expired

The server has moved on; the page needs a fresh start.